 Dungeon Crawl Stone Soup version 0.21.1 (webtiles) character file.

563 pk666 the Chopper (level 7, -10/62 HPs)
             Began as a Minotaur Berserker on Feb 2, 2018.
             Was a Believer of Trog.
             Mangled by an orc warrior
             ... wielding a +0 short sword
              (14 damage)
             ... on level 4 of the Dungeon.
             The game lasted 00:07:46 (3262 turns).

pk666 the Chopper (Minotaur Berserker)              Turns: 3262, Time: 00:07:46

Health: -10/62     AC:  7    Str: 23    XL:     7   Next: 10%
Magic:  6/6        EV: 10    Int:  4    God:    Trog [**....]
Gold:   168        SH:  0    Dex: 10    Spells: 6/6 levels left

rFire    . . .     SeeInvis .   s - +0 war axe
rCold    . . .     Gourm    .   (no shield)
rNeg     . . .     Faith    .   i - +0 scale mail
rPois    .         Spirit   .   (helmet restricted)
rElec    .         Reflect  .   (no cloak)
rCorr    .         Harm     .   (no gloves)
MR       .....                  (no boots)
Stlth    ..........             (no amulet)
HPRegen  0.20/turn              (no ring)
MPRegen  0.10/turn              (no ring)

@: no status effects
A: retaliatory headbutt, horns 2
a: Berserk, Trog's Hand, Burn Spellbooks, Renounce Religion


You were on level 4 of the Dungeon.
You worshipped Trog.
Trog was pleased with you.
You were not hungry.

You visited 1 branch of the dungeon, and saw 4 of its levels.

You collected 168 gold pieces.

Inventory:

Hand Weapons
 s - a +0 war axe (weapon)
Armour
 i - a +0 scale mail (worn)
Jewellery
 p - a +4 ring of strength {unknown}
Scrolls
 b - a scroll of blinking {unknown}
 d - 2 scrolls of amnesia {unknown}
 e - a scroll of remove curse {unknown}
 h - a scroll of magic mapping {unknown}
 l - 3 scrolls of enchant weapon {unknown}
 n - a scroll of immolation {unknown}
 o - 2 scrolls of identify {unknown}
Potions
 f - 2 potions of berserk rage {unknown}
 g - 2 potions of curing {unknown}
 j - 2 potions of magic {unknown}
 k - a potion of brilliance {unknown}
 r - a potion of heal wounds {unknown}
Books
 m - a book of Changes

   Spells                             Type                      Level
   a - Beastly Appendage              Transmutation                1
   b - Sticks to Snakes               Transmutation                2
   c - Spider Form                    Transmutation/Poison         3
   d - Ice Form                       Ice/Transmutation            4
   e - Blade Hands                    Transmutation                5
   Trog disapproves of the use of such an item.
Comestibles
 c - 8 rations
 q - 7 chunks of flesh


   Skills:
 + Level 5.8 Fighting
 * Level 7.4 Axes
 + Level 5.0 Armour
 - Level 2.1 Dodging


You had 6 spell levels left.
You didn't know any spells.

Dungeon Overview and Level Annotations

Branches:
Dungeon (4/15)
 Temple: D:4-7

Altars:
Ashenzari


Innate Abilities, Weirdness & Mutations

You reflexively headbutt those who attack you in melee.
You have a pair of horns on your head.


Message History

You hit something but do no damage. The orc warrior barely misses you.
Something hits you but does no damage.
You slash the orc warrior! Your headbutt misses the orc warrior.
The orc warrior is severely wounded.
You closely miss something.
The orc warrior hits you with a short sword!
Something hits you but does no damage.
The orc warrior hits you with a short sword!
* * * LOW HITPOINT WARNING * * *
A dart slug comes into view.
A magic dart appears from out of thin air!
The magic dart hits you!
* * * LOW HITPOINT WARNING * * *
Found a whip, 9 arrows and a fluorescent wand.
The dart slug closely misses you. You furiously retaliate!
You headbutt the dart slug!
You kill the dart slug!
Trog accepts your kill.
The orc warrior hits you with a short sword!
You die...

#....###.#####.?.##...##
###....#..)..............
......).#..####...###..##
.#.>..........## #..#
......###O.####### #..##
...!o #..# #####...# ....
#..# #.......#
....#####o.######).....##
.../(.).@..#....<).....#
#...######.#.####).....#
........).....#
#.#.###.......# #.#.#
#.......# #.# # ###(..#.#
#.# #...#.# .# ##.....
....#


You could see an orc warrior and an ogre.

Vanquished Creatures
  Sigmund (D:3)
  The ghost of garbagetei the Charmwright, an amateur GnSk of Okawaru (D:3)
  A bullfrog (D:4)
  An orc priest (D:4)
  A hound (D:4)
  An orc wizard (D:4)
  6 gnolls (D:2)
  3 adders
  2 oozes (D:4)
  3 worms
  2 dart slugs
  A leopard gecko (D:2)
  11 orcs (D:4)
  2 bats
  2 giant cockroaches (D:3)
  4 hobgoblins
  6 kobolds
  A quokka (D:3)
  8 frilled lizards
  6 goblins
  5 rats
68 creatures vanquished.

Notes
Turn   | Place    | Note
-------+----------+-------------------------------------------
     0 | D:1      | pk666 the Minotaur Berserker began the quest for the Orb.
     0 | D:1      | Reached XP level 1. HP: 19/19 MP: 0/0
   471 | D:1      | Reached skill level 4 in Axes
   493 | D:1      | Reached XP level 2. HP: 27/27 MP: 1/1
  1031 | D:3      | Reached XP level 3. HP: 28/33 MP: 2/2
  1065 | D:3      | Noticed Sigmund
  1148 | D:4      | Noticed an ogre
  1288 | D:2      | Reached skill level 5 in Axes
  1288 | D:2      | Reached XP level 4. HP: 14/41 MP: 3/3
  1520 | D:2      | Reached ** piety under Trog
  1971 | D:2      | Found a shattered altar of Ashenzari.
  2339 | D:2      | Reached XP level 5. HP: 44/47 MP: 4/4
  2515 | D:3      | Noticed garbagetei's ghost (amateur GnSk)
  2521 | D:3      | Killed garbagetei's ghost
  2521 | D:3      | Reached skill level 5 in Fighting
  2521 | D:3      | Reached skill level 6 in Axes
  2972 | D:3      | Killed Sigmund
  2972 | D:3      | Reached XP level 6. HP: 34/56 MP: 5/5
  3160 | D:4      | Reached skill level 7 in Axes
  3235 | D:4      | Reached XP level 7. HP: 41/62 MP: 6/6
  3238 | D:4      | Reached skill level 5 in Armour
  3259 | D:4      | HP: 3/62 [something/magic dart (4)]
  3262 | D:4      | Mangled by an orc warrior

Skill      XL: |  1  2  3  4  5  6  7 |
---------------+----------------------+-----
Axes           | 4 5 6 7 |  7.4
Fighting       | 4 5 |  5.8
Armour         | 3 4 5 |  5.0
Dodging        | |  2.1

Action                   |  1- 3 |  4- 6 |  7- 9 || total
-------------------------+-------+-------+-------++-------
Melee: Hand axe          |    46 |    87 |       ||   133
       Headbutt          |    10 |    10 |     5 ||    25
       War axe           |       |     5 |    10 ||    15
Invok: Berserk           |       |     1 |       ||     1
  Eat: Chunk             |       |     8 |       ||     8
Armor: Scale mail        |    25 |    32 |     4 ||    61
Dodge: Dodged            |    29 |    50 |     5 ||    84
